 Dungeon Crawl Stone Soup version 0.17.1-3-g152610e (webtiles) character file.

14738 Niddhogr the Impaler (level 12, -1/92 HPs)
             Began as a Formicid Fighter on Mar 8, 2016.
             Was a High Priest of Okawaru.
             Hit by a large rock thrown by a cyclops (31 damage)
             ... on level 12 of the Dungeon.
             The game lasted 00:49:28 (13918 turns).

Niddhogr the Impaler (Formicid Fighter)            Turns: 13918, Time: 00:49:28

Health: -1/92      AC: 17    Str: 24    XL:     12   Next: 48%
Magic:  17/17      EV:  6    Int:  6    God:    Okawaru [*****.]
Gold:   792        SH: 12    Dex: 14    Spells: 2 memorised, 6 levels left

rFire  + + .     SeeInvis +     Q - +6 trident "Bung" {vamp, rF++ Int-2}
rCold  . . .     Clarity  .     K - +0 plate armour
rNeg   . . .     SustAt   .     c - +0 shield
rPois  .         Gourm    .     (helmet unavailable)
rElec  .         Spirit   .     (no cloak)
rCorr  .         Warding  .     (no gloves)
rMut   .         Stasis   +     t - +0 pair of boots
MR     +....                    (no amulet)
Stlth  ..........               M - ring of teleportation (curse)
                                o - +2 ring of strength

@: somewhat resistant to hostile enchantments, extremely unstealthy
A: permanent stasis, dig shafts and tunnels, four strong arms, antennae 3, icy
blue scales 1, slimy green scales 1, thin metallic scales 1
a: Dig, Shaft Self, Heroism, Renounce Religion, Evoke Teleportation


You were on level 12 of the Dungeon.
You worshipped Okawaru.
Okawaru was extremely pleased with you.
You were not hungry.

You visited 2 branches of the dungeon, and saw 13 of its levels.

You collected 792 gold pieces.

Inventory:

Hand Weapons
 e - a +4 halberd of protection
 z - a +2 halberd of venom
 H - a +0 glaive
 Q - the +6 trident "Bung" (weapon) {vamp, rF++ Int-2}
   (Okawaru gifted it to you on level 10 of the Dungeon)

   It inflicts no extra harm, but heals its wielder somewhat when it strikes a
   living foe.
   It affects your intelligence (-2).
   It greatly protects you from fire.
Missiles
 a - 2 throwing nets (quivered)
 b - 6 silver javelins
Armour
 c - a +0 shield (worn)
 t - a +0 pair of boots (worn)
 K - a +0 plate armour (worn)
 N - the +1 leather armour of the Forgotten Curses {Str+2 Int+3}
   (You found it on level 7 of the Dungeon)

   It affects your strength (+2).
   It affects your intelligence (+3).
Jewellery
 o - a +2 ring of strength (left hand)
 J - an uncursed ring of magical power {unknown}
 M - a cursed ring of teleportation (right hand)
Wands
 u - a wand of disintegration (0)
 x - a wand of flame (9)
 C - a wand of slowing (28)
 P - a wand of frost (15)
Scrolls
 f - a scroll of vulnerability {unknown}
 h - 3 scrolls of enchant weapon
 l - a scroll of blinking {unknown}
 n - 2 scrolls of recharging
 p - a scroll of immolation {unknown}
 w - 7 scrolls of remove curse
 y - 3 scrolls of amnesia
 D - a scroll of magic mapping {unknown}
 E - 3 scrolls of enchant armour {unknown}
 F - a scroll of random uselessness {unknown}
Potions
 d - a potion of might
 i - 4 potions of resistance
 j - a potion of cancellation {unknown}
 k - a potion of brilliance
 m - 2 potions of magic
 q - 3 potions of lignification
 s - 5 potions of curing
 A - a potion of mutation {unknown}
Books
 r - a book of Burglary

   Spells                             Type                      Level
   a - Swiftness                      Charms/Air                   2
   b - Passwall                       Transmutation/Earth          3
   c - Passage of Golubria            Translocation                4
   d - Lee's Rapid Deconstruction     Earth                        5
   e - Darkness                       Hexes                        6
   f - Invisibility                   Hexes                        6
 v - a book of Geomancy

   Spells                             Type                      Level
   a - Sandblast                      Earth                        1
   b - Stoneskin                      Transmutation/Earth          2
   c - Passwall                       Transmutation/Earth          3
   d - Stone Arrow                    Conjuration/Earth            3
   e - Petrify                        Transmutation/Earth          4
   f - Lee's Rapid Deconstruction     Earth                        5
 O - a book of Summonings

   Spells                             Type                      Level
   a - Recall                         Summoning/Translocation      3
   b - Aura of Abjuration             Summoning                    5
   c - Shadow Creatures               Summoning                    5
   d - Summon Demon                   Summoning                    5
   e - Summon Forest                  Summoning/Translocation      5
   f - Summon Mana Viper              Hexes/Summoning              5
Comestibles
 g - 6 meat rations
 B - 6 bread rations
 G - 9 beef jerkies
 L - a royal jelly


   Skills:
 + Level 7.7 Fighting
 * Level 15.3 Polearms
 - Level 3.2 Armour
 - Level 9.0 Shields
 - Level 7.0 Invocations


You had 6 spell levels left.
You knew the following spells:

 Your Spells              Type           Power        Failure   Level  Hunger
a - Passwall              Trmt/Erth      #.........   100%        3    ####...
b - Swiftness             Chrm/Air       #.......     100%        2    ###....


Dungeon Overview and Level Annotations

Branches:
Dungeon (12/15)            Temple (1/1) D:5            Lair (0/8) D:8
    Orc (0/4) D:11

Altars:
Ashenzari
Cheibriados
Dithmenos
Elyvilon
Fedhas
Gozag
Kikubaaqudgha
Makhleb
Nemelex Xobeh
Okawaru
Qazlal
Ru
Sif Muna
Trog
Vehumet
Xom
Yredelemnul
Zin
The Shining One


Innate Abilities, Weirdness & Mutations

You are under a permanent stasis effect.
You can dig through walls and to a lower floor.
Your four strong arms can wield two-handed weapons with a shield.
You have a pair of large antennae on your head (SInv).
You are partially covered in icy blue scales (AC +1).
You are partially covered in slimy green scales (AC +2).
You are partially covered in thin metallic scales (AC +2).


Message History

Aim: an electric eel (water, heavily wounded)
You reach to attack!
You miss the electric eel.
The electric eel is heavily wounded.
Attack whom?
Press: ? - help, Dir - move target cursor, f/p - electric eel
Aim: an electric eel (water, heavily wounded)
You reach to attack!
You impale the electric eel!!
You kill the electric eel!
Okawaru accepts your kill.
The sheep bellows!
A sheep is nearby!
You are too injured to fight recklessly!
You puncture the sheep!
The sheep is severely wounded.
You puncture the sheep!
You feel better.
You kill the sheep!
Okawaru accepts your kill.
You see here a sheep corpse.
The cyclops throws a large rock.
The large rock hits you!!
You die...

##.####### #.# #... ≈≈≈≈≈≈≈≈≈#
#.# #.## ≈≈≈≈≈≈≈≈≈### #.# #.#
≈≈≈≈≈≈≈≈≈≈≈ #.# #.# ≈≈≈≈≈≈≈≈≈≈≈≈≈
#.# #.# ≈≈≈≈≈≈≈≈≈≈≈≈
########.######)#
≈≈≈≈≈≈≈≈≈≈≈#####......#........##
≈≈≈≈≈≈≈≈≈>((..C.......'.......)..
≈≈≈≈≈≈C≈≈≈######@.....########...
≈≈≈≈≈≈≈≈≈≈## ###......# #.##
≈≈≈≈≈≈≈≈≈;≈# #........# #...
..........# #.#......# ####
..........# #.#......# #
..........####†#......######## #≈
.................................
....##########.#......######≈#≈≈≈
.... #.####.####### ≈≈≈≈≈


You could see a cyclops.

Vanquished Creatures
  An unseen horror (D:11)
  The ghost of Jerry the Insei, a novice OpMo of Cheibriados (D:9)
  2 hill giants
  A manticore (D:12)
  A gargoyle (D:12)
  A komodo dragon (D:10)
  A troll (D:10)
  A two-headed ogre (D:10)
  15 yaks
  A water elemental (D:12)
  A wyvern (D:9)
  2 basilisks (D:8)
  2 hippogriffs
  A hungry ghost (D:12)
  A steam dragon (D:10)
  Edmund (D:6)
  3 porcupines (D:8)
  4 phantoms
  5 ice beasts
  A black bear (D:10)
  4 sky beasts
  10 orc warriors
  A necrophage (D:6)
  11 ogres
  7 centaurs
  3 crocodiles
  Blork the orc (D:6)
  4 big kobolds
  A wyvern skeleton (D:8)
  2 water moccasin zombies
  7 giant frogs
  A scorpion (D:8)
  11 killer bees (D:10)
  3 wights (D:12)
  4 jellies
  3 electric eels (D:12)
  3 giant frog zombies
  A wasp zombie (D:9)
  6 hounds
  3 gnoll shamans
  6 iguanas
  A centaur zombie (D:7)
  2 centaur skeletons
  A giant frog skeleton (D:10)
  9 orc priests
  5 orc wizards
  Natasha (thrice) (D:3)
  11 sheep
  6 worker ants
  22 gnolls
  8 adders
  7 river rats (D:8)
  4 shadow imps
  2 oozes
  An adder zombie (D:9)
  An adder skeleton (D:5)
  2 worms
  11 giant geckos
  60 orcs
  A ball python (D:3)
  4 bats
  7 giant cockroaches
  8 goblins
  9 hobgoblins
  5 jackals
  7 quokkas
  A giant cockroach zombie (D:5)
  A giant gecko skeleton (D:4)
  3 giant newts
  42 kobolds
  A quokka skeleton (D:6)
  10 rats
  A fungus (D:8)
394 creatures vanquished.

Vanquished Creatures (others)
  A giant frog skeleton (D:12)
  A bush (D:8)
  6 fungi (D:8)
  7 plants (D:8)
15 creatures vanquished.

Grand Total: 409 creatures vanquished

Notes
Turn   | Place    | Note
--------------------------------------------------------------
     0 | D:1      | Niddhogr the Formicid Fighter began the quest for the Orb.
     0 | D:1      | Reached XP level 1. HP: 18/18 MP: 1/1
   113 | D:1      | Reached XP level 2. HP: 24/24 MP: 2/2
   560 | D:1      | Reached XP level 3. HP: 29/29 MP: 3/3
   998 | D:2      | Found a faded altar to an unknown god.
  1105 | D:2      | Reached XP level 4. HP: 26/35 MP: 4/4
  1453 | D:2      | Reached skill level 4 in Polearms
  1790 | D:3      | Found a burning altar of Makhleb.
  2030 | D:3      | Noticed Natasha
  2035 | D:3      | Killed Natasha
  2339 | D:3      | Noticed Natasha
  2346 | D:3      | Killed Natasha
  2346 | D:3      | Reached XP level 5. HP: 35/41 MP: 5/5
  2448 | D:3      | Noticed Natasha
  2460 | D:3      | Killed Natasha
  2809 | D:3      | Noticed a sky beast
  2956 | D:3      | Killed a sky beast
  2956 | D:3      | Reached skill level 5 in Polearms
  2956 | D:3      | Reached XP level 6. HP: 17/47 MP: 6/6
  2960 | D:3      | Gained mutation: You are partially covered in icy blue scales (AC +1). [mutagenic meat]
  2961 | D:3      | Gained mutation: You are partially covered in thin metallic scales (AC +2). [mutagenic meat]
  3124 | D:3      | Learned a level 3 spell: Passwall
  3421 | D:3      | Noticed a big kobold
  3446 | D:3      | Killed a big kobold
  3446 | D:3      | Reached skill level 5 in Shields
  3462 | D:3      | Noticed a big kobold
  3479 | D:3      | Killed a big kobold
  3479 | D:3      | Reached skill level 6 in Polearms
  3479 | D:3      | Reached XP level 7. HP: 38/52 MP: 7/7
  3937 | D:3      | Noticed a big kobold
  3951 | D:3      | Killed a big kobold
  4325 | D:4      | Reached skill level 7 in Polearms
  4523 | D:4      | Reached XP level 8. HP: 58/58 MP: 8/8
  5126 | D:4      | Reached skill level 8 in Polearms
  5327 | D:5      | Entered Level 5 of the Dungeon
  5683 | D:5      | Found a staircase to the Ecumenical Temple.
  5691 | Temple   | Entered the Ecumenical Temple
  5787 | Temple   | Became a worshipper of Warmaster Okawaru
  6046 | D:5      | Learned a level 2 spell: Swiftness
  6561 | D:6      | Noticed Edmund
  6572 | D:6      | Killed Edmund
  6600 | D:6      | Reached skill level 9 in Polearms
  6611 | D:6      | Reached XP level 9. HP: 44/64 MP: 9/9
  6831 | D:6      | Noticed Blork the orc
  6838 | D:6      | Killed Blork the orc
  7442 | D:6      | Reached * piety under Okawaru
  7515 | D:6      | Reached skill level 10 in Polearms
  8132 | D:7      | HP: 2/64 [crocodile (10)]
  8495 | D:7      | Reached ** piety under Okawaru
  8495 | D:7      | Reached skill level 1 in Invocations
  8626 | D:7      | Got a spiked leather armour
  8637 | D:7      | Identified the +1 leather armour of the Forgotten Curses {Str+2 Int+3} (You found it on level 7 of the Dungeon)
  8919 | D:7      | Reached XP level 10. HP: 70/70 MP: 11/11
  8923 | D:7      | Gained mutation: You are partially covered in slimy green scales (AC +2). [mutagenic meat]
  9207 | D:8      | Reached skill level 11 in Polearms
  9401 | D:8      | Reached *** piety under Okawaru
  9649 | D:8      | Reached skill level 5 in Invocations
  9655 | D:8      | Reached skill level 12 in Polearms
 10041 | D:8      | Reached **** piety under Okawaru
 10180 | D:8      | Reached XP level 11. HP: 27/75 MP: 15/15
 10660 | D:8      | Found a staircase to the Lair.
 10699 | D:8      | Reached skill level 13 in Polearms
 11179 | D:8      | Reached ***** piety under Okawaru
 11437 | D:9      | Noticed Jerry's ghost (novice OpMo)
 11468 | D:9      | Killed Jerry's ghost
 11784 | D:9      | Reached skill level 5 in Fighting
 12095 | D:10     | Entered Level 10 of the Dungeon
 12098 | D:10     | Reached skill level 14 in Polearms
 12345 | D:10     | Received a gift from Okawaru
 12427 | D:10     | Received a gift from Okawaru
 12446 | D:10     | Reached XP level 12. HP: 85/88 MP: 17/17
 12461 | D:10     | Got an iridescent trident {god gift}
 12475 | D:10     | Identified the +6 trident "Bung" {vamp, rF++ Int-2} (Okawaru gifted it to you on level 10 of the Dungeon)
 12904 | D:11     | Found a staircase to the Orcish Mines.
 13109 | D:11     | Reached skill level 15 in Polearms
 13918 | D:12     | Hit by a large rock thrown by a cyclops

Action                   |  1- 3 |  4- 6 |  7- 9 | 10-12 || total
-------------------------+-------+-------+-------+-------++-------
Melee: Trident           |    94 |   214 |    55 |   141 ||   504
       Halberd           |       |       |   359 |   586 ||   945
Invok: Heroism           |       |       |       |     5 ||     5
 Abil: Dig               |       |       |     3 |       ||     3
Evoke: Wand              |       |     4 |     5 |       ||     9
  Use: Scroll            |       |     5 |     6 |     2 ||    13
       Potion            |       |       |     1 |     2 ||     3
  Eat: Chunk             |     1 |     5 |    17 |    17 ||    40
       Bread ration      |       |     1 |       |       ||     1
       Pizza             |       |       |     1 |     2 ||     3
       Fruit             |       |       |       |     3 ||     3
